 Dungeon Crawl Stone Soup version 0.24.0-29-g8ce449bc06 (webtiles) character file.

Game seed: 2508471305852080989, levelgen mode: deterministic

105 Flugslaktarn the Covered (level 4, 0/41 HPs)
             Began as a Minotaur Fighter on Nov 14, 2019.
             Killed from afar by an orc wizard (7 damage)
             ... with a puff of flame
             ... on level 3 of the Dungeon.
             The game lasted 00:00:18 (493 turns).

Flugslaktarn the Covered (Minotaur Fighter)          Turns: 493, Time: 00:00:19

Health: 0/41       AC:  7    Str: 21    XL:     4   Next: 53%
Magic:  3/3        EV:  7    Int:  5    God:
Gold:   23         SH:  9    Dex: 10    Spells: 3/3 levels left

rFire    . . .     SeeInvis .   a - +0 war axe
rCold    . . .     Gourm    .   c - +0 shield
rNeg     . . .     Faith    .   b - +0 scale mail
rPois    .         Spirit   .   (helmet restricted)
rElec    .         Reflect  .   (no cloak)
rCorr    .         Harm     .   (no gloves)
MR       .....                  (no boots)
Stlth    ..........             (no amulet)
HPRegen  0.13/turn              (no ring)
MPRegen  0.08/turn              (no ring)

@: no status effects
A: retaliatory headbutt, horns 2
a: no special abilities


You were on level 3 of the Dungeon.
You were not hungry.

You visited 1 branch of the dungeon, and saw 3 of its levels.

You collected 23 gold pieces.

Inventory:

Hand Weapons
 a - a +0 war axe (weapon)
Armour
 b - a +0 scale mail (worn)
 c - a +0 shield (worn)
Scrolls
 h - 2 scrolls of enchant armour {unknown}
Potions
 d - a potion of might
 f - 3 potions of curing {unknown}
 i - a potion of agility {unknown}
Comestibles
 e - 3 rations


   Skills:
 + Level 4.3 Fighting
 * Level 4.1 Axes
 + Level 4.3 Armour
 + Level 4.3 Shields


You had 3 spell levels left.
You didn't know any spells.
Your spell library was empty.

Dungeon Overview and Level Annotations

Branches:
Dungeon (3/15)

Altars:


Innate Abilities, Weirdness & Mutations

You reflexively headbutt those who attack you in melee.
You have a pair of horns on your head.


Message History

You barely miss something. You hit the leopard gecko.
The leopard gecko bites you but does no damage.
You hear some strange, mumbled words.
A magic dart appears from out of thin air!
The magic dart hits you.
* * * LOW HITPOINT WARNING * * *
The leopard gecko hisses menacingly.
You block the leopard gecko's attack. Something hits you but does no damage.
You closely miss something. You slash the leopard gecko!
You kill the leopard gecko!
You hear some strange, mumbled words.
Something tries to affect you, but you resist.
You hit something. Something hits you but does no damage. Something hits you.
* * * LOW HITPOINT WARNING * * *
You barely miss something. Something hits you but does no damage.
You closely miss something. You headbutt something.
You hear some strange, mumbled words.
A puff of flame appears from out of thin air!
The puff of flame hits you!
You die...

##### .......
#.<.#### .......
..#.(..#####
.......
..####.....###
....... ...#
#####...#####.....#
...# ###....#)..#
## ...#
####..†###....
....# #.{†(......
..#... #.@....#...
#.#### #.....## ...
#....## .. .....# .
....... ##
.......## ........#
.####....#


There were no monsters in sight!

Vanquished Creatures
  A centaur skeleton (D:3)
  An orc priest (D:3)
  3 adders
  A worm (D:3)
  2 leopard geckos
  2 orcs (D:3)
  2 goblins
  2 hobgoblins
  A frilled lizard (D:2)
  A kobold (D:2)
  A quokka skeleton (D:3)
  3 rats
20 creatures vanquished.

Notes
Turn   | Place    | Note
-------+----------+-------------------------------------------
     0 | D:1      | Flugslaktarn the Minotaur Fighter began the quest for the
                  | Orb.
     0 | D:1      | Reached XP level 1. HP: 19/19 MP: 0/0
   106 | D:2      | Reached XP level 2. HP: 27/27 MP: 1/1
   474 | D:3      | Reached XP level 3. HP: 23/33 MP: 2/2
   481 | D:3      | Reached XP level 4. HP: 17/40 MP: 3/3
   493 | D:3      | Killed from afar by an orc wizard

Levels and vault maps discovered:
D:1:      ncdulo_wetmaze, layout_basic, nemelex_altar_shiori
D:2:      layout_rooms, first_ration, chequers_ecumenical_altar_twisty
D:3:      layout_rooms, minmay_randomly_rotated_circles

Skill      XL: |  1  2  3  4 |
---------------+-------------+-----
Axes           | 3 4 |  4.1
Fighting       | 4 |  4.3
Armour         | 4 |  4.3
Shields        | 4 |  4.3

Action                   |  1- 3 |  4- 6 || total
-------------------------+-------+-------++-------
Melee: War axe           |    38 |     9 ||    47
       Headbutt          |     4 |     1 ||     5
Armor: Scale mail        |    25 |    12 ||    37
Dodge: Dodged            |    21 |     4 ||    25
Block: Shield            |    20 |     2 ||    22
